 Dungeon Crawl Stone Soup version 0.31.0-32-g396128a36d (webtiles) character file.

Game seed: 10886300686229408913

83 H0rd4k the Insei (level 4, -1/29 HPs)
             Began as an Octopode Artificer on Mar 27, 2024.
             Hit by a boomerang thrown by an orc (3 damage)
             ... on level 3 of the Dungeon.
             The game lasted 00:02:07 (2218 turns).

H0rd4k the Insei (Octopode Artificer)               Turns: 2218, Time: 00:02:08

Health: -1/29      AC:  1    Str: 11    XL:     4   Next: 44%
Magic:  4/4        EV: 13    Int: 15    God:
Gold:   75         SH:  0    Dex: 12    Spells: 3/3 levels left

rFire   . .          .
                       - Unarmed
rCold   + . .        (no shield)
rNeg    . . .        (helmet restricted)
rPois   .            (no amulet)
rElec   .            j - ring of wizardry
rCorr   .            k - ring of protection from cold
SInv    .            (no ring)
Will    .....        (no ring)
Stlth   +++          (no ring)
HPRegen 0.24/turn    (no ring)
MPRegen 0.09/turn    (no ring)
                     (no ring)

%: wizardry (x1)
@: no status effects
A: almost no armour, amphibious, 8 rings, camouflage 1, gelatinous body 1,
(nimble swimmer 1), tentacles
a: no special abilities


You were on level 3 of the Dungeon.
You visited 1 branch of the dungeon, and saw 3 of its levels.

You collected 75 gold pieces.

Inventory:

Magical Staves
 i - a staff of death
Jewellery
 j - a ring of wizardry (left tentacle)
 k - a ring of protection from cold (right tentacle)
Wands
 b - a wand of flame (15) (quivered)
 c - a wand of charming (12)
 d - a wand of iceblast (5)
Scrolls
 a - 4 scrolls of fear {unknown}
 e - a scroll of poison {unknown}
 f - a scroll of amnesia {unknown}
 h - 3 scrolls of identify {unknown}
 l - a scroll of revelation {unknown}
Potions
 g - 2 potions of curing {unknown}


   Skills:
 + Level 1.7 Fighting
 - Level 2.3 Dodging
 - Level 1.3 Stealth
 + Level 3.5 Unarmed Combat
 - Level 3.2 Evocations


You had 3 spell levels left.
You didn't know any spells.
Your spell library contained the following spells:

 Spells                   Type           Power      Damage    Failure   Level
 Apportation              Tloc           0%         N/A       11%         1
 Shock                    Conj/Air       0%         1d3       11%         1
 Jinxbite                 Hex            0%         N/A       16%         2
 Swiftness                Air            0%         N/A       32%         3
 Airstrike                Air            0%         2d(0-16)  69%         4
 Alistair's Intoxication  Alch           0%         N/A       95%         5


Dungeon Overview and Level Annotations

Branches:
Dungeon (3/15)

Altars:
Vehumet

Portals:
Sewer: D:3


Innate Abilities, Weirdness & Mutations

You cannot wear most types of armour.
You are amphibious.
You can wear up to eight rings at the same time.
Your skin changes colour to match your surroundings (Stealth+).
Your rubbery body absorbs attacks. (AC +1, EV +1)
((You are camouflaged when in or above water. (Stealth+)))
You have tentacles for arms and can constrict up to eight enemies at once.


Message History

The ribbon worm is moderately wounded.
You constrict the ribbon worm. The ribbon worm bites you.
* * * LOW HITPOINT WARNING * * *
You tentacle-slap the ribbon worm.
The ribbon worm is heavily wounded.
You constrict the ribbon worm.
The ribbon worm expels a string of sticky webbing.
The stream of webbing hits you but does no damage.
You are caught in a web!
You struggle to detach yourself from the web.
You constrict the ribbon worm. The ribbon worm barely misses you.
Unknown command.
The web tears apart.
You constrict the ribbon worm.
The orc jeers loudly, as Orcs often do.
Aiming: Charm
Press: ? - help, Shift-Dir - straight line, f - ribbon worm
Aim: a ribbon worm (severely wounded, constricted by you, chance to affect: 66%)
The ribbon worm struggles to resist.
You constrict the ribbon worm. The ribbon worm barely misses you.
Unknown command.
What are your orders? t - Shout!
Orders for allies: a - Attack new target. p - Attack previous target. r - Retreat! s - Stop attacking. g - Guard the area. f - Follow me.
Anything else - Cancel.
Okay, then.
You tentacle-slap the ribbon worm but do no damage.
The ribbon worm is almost dead.
You constrict the ribbon worm.
You kill the ribbon worm!
The orc throws a boomerang.
The boomerang hits you.
* * * LOW HITPOINT WARNING * * *
Aiming: Charm
Press: ? - help, Shift-Dir - straight line, f - orc
Aim: an orc, wielding a +0 flail, wearing a +0 chain mail and quivering boomerangs (chance to affect: 73%)
The orc struggles to resist.
You hear a shout!
The orc throws a boomerang.
The boomerang hits you.
You die...

#.# #########.######
#................
#........###....^
#.........# ....
#######...# .r.
#+###
######...##.....
..... #...........B.
.
.....r#@####...###..
......#†########
.......o....#
............#
......#~..#..#
......~~~~~...#
....#~~~~~~~#.#
.....~~~~~~~~.#
.....~~~∩~~~...


You could see an orc.

Vanquished Creatures
  A gnoll (D:2)
  2 adders
  A dart slug (D:2)
  3 ribbon worms (D:3)
  3 ball pythons
  5 endoplasms
  6 goblins
  3 hobgoblins
  2 kobolds
  2 quokkas
  5 bats
  3 rats (D:1)
36 creatures vanquished.

Vanquished Creatures (others)
  A gnoll (D:2)
1 creature vanquished.

Grand Total: 37 creatures vanquished

Notes
Turn   | Place    | Note
-------+----------+-------------------------------------------
     0 | D:1      | H0rd4k the Octopode Artificer began the quest for the Orb.
     0 | D:1      | Reached XP level 1. HP: 13/13 MP: 1/1
   141 | D:1      | Reached skill level 1 in Unarmed Combat
   158 | D:1      | Reached XP level 2. HP: 13/18 MP: 2/2
  1026 | D:2      | Found a radiant altar of Vehumet.
  1270 | D:2      | Reached XP level 3. HP: 11/23 MP: 3/3
  1576 | D:2      | Reached XP level 4. HP: 13/28 MP: 4/4
  2195 | D:3      | Found a glowing drain.
  2218 | D:3      | Hit by a boomerang thrown by an orc

Illustrated notes

Levels and vault maps discovered:
D:1:      tarquinn_simple_flora_water_d, layout_loops_ring, serial_forest,
          infiniplex_forest_zigzag_1, infiniplex_forest_zigzag_1,
          infiniplex_forest_zigzag_1, infiniplex_forest_clump_long,
          infiniplex_forest_end_double, feat_on_display
D:2:      layout_loops_corners, basic_altar, minivault_26
D:3:      layout_basic, cheibrodos_sewer_entry_drain

Skill      XL: |  1  2  3 |
---------------+----------+-----
Unarmed Combat | 1 2 3 |  3.5
Fighting       | |  1.7
Dodging        | |  2.3
Stealth        | |  1.3
Evocations     | |  3.2

Action                     |  1- 3 |  4- 6 || total
---------------------------+-------+-------++-------
  Melee: Unarmed           |    75 |    28 ||   103
         Constrict         |    16 |     6 ||    22
         Tentacles         |    11 |     6 ||    17
         Punch             |     1 |       ||     1
  Evoke: Wand              |     1 |     2 ||     3
   Stab: Sleeping          |    11 |     1 ||    12
 Armour: Skin              |    30 |    11 ||    41
  Dodge: Dodged            |    43 |    15 ||    58
